 Dungeon Crawl Stone Soup version 0.19.0-20-gbc5f0c6 (webtiles) character file.

6389 Ijustatesigmund the Cleaver (level 10, -10/94 HPs)
             Began as a Hill Orc Fighter on Nov 17, 2016.
             Was an Elder of Cheibriados.
             Killed by divine providence
             ... invoked by an orc priest
              (12 damage)
             ... on level 10 of the Dungeon.
             The game lasted 00:27:00 (7775 turns).

Ijustatesigmund the Cleaver (Hill Orc Fighter)      Turns: 7775, Time: 00:27:01

Health: -10/94     AC: 10    Str: 31    XL:     10   Next: 97%
Magic:  17/17      EV: 11    Int: 17    God:    Cheibriados [****..]
Gold:   405        SH: 14    Dex: 22    Spells: 0 memorised, 9 levels left

rFire  . . .     SeeInvis .     a - +1 war axe (flame)
rCold  . . .     Gourm    .     b - +0 scale mail
rNeg   . . .     Faith    .     k - +2 shield
rPois  .         Spirit   .     (no helmet)
rElec  .         Reflect  .     (no cloak)
rCorr  .         Harm     .     h - +0 pair of gloves
MR     .....     Rnd*Tele +     c - +0 pair of boots
Stlth  ++........               i - amulet of regeneration
                                q - ring of teleportation (curse)
                                r - ring of stealth

@: very slightly contaminated, very slow
A: hooves 1, strong 1
a: Bend Time, Temporal Distortion, Slouch, Renounce Religion, Convert to Beogh


You were on level 10 of the Dungeon.
You worshipped Cheibriados.
Cheibriados was greatly pleased with you.
You were not hungry.

You visited 2 branches of the dungeon, and saw 11 of its levels.
You also visited: Sewer.

You collected 531 gold pieces.
You spent 126 gold pieces at shops.

Inventory:

Hand Weapons
 a - a +1 war axe of flaming (weapon)
Armour
 b - a +0 scale mail (worn)
 c - a +0 pair of boots (worn)
 h - a +0 pair of gloves (worn)
 k - a +2 shield (worn)
Jewellery
 i - an amulet of regeneration (around neck)
 j - a +2 ring of intelligence
 q - a cursed ring of teleportation (right hand)
 r - a ring of stealth (left hand)
Wands
 m - a wand of teleportation (3/9)
 s - a wand of flame (33/48)
 w - a wand of confusion (27/48)
 y - a wand of lightning (6/15)
 B - a wand of slowing (28/48)
 E - a wand of paralysis (10/24)
 F - a wand of paralysis (9/24)
Scrolls
 p - 3 scrolls of blinking
 t - 5 scrolls of identify
 v - 2 scrolls of recharging
 z - a scroll of teleportation
 C - a scroll of fog
Potions
 d - 5 potions of might
 e - 4 potions of brilliance
 g - 10 potions of curing
 n - 3 potions of lignification
 o - 5 potions of flight
 x - a potion of heal wounds
 A - a potion of resistance
 D - a potion of mutation
Comestibles
 f - 4 bread rations
 l - 2 meat rations
 u - 2 beef jerkies


   Skills:
 + Level 10.5 Fighting
 + Level 12.2 Axes
 - Level 6.1 Armour
 - Level 3.9 Dodging
 - Level 4.3 Shields
 + Level 9.5 Invocations


You had 9 spell levels left.
You didn't know any spells.

Dungeon Overview and Level Annotations

Branches:
Dungeon (10/15)            Temple (1/1) D:6             Orc (0/2) D:10
   Lair: D:8-11

Altars:
Ashenzari
Cheibriados
Dithmenos
Elyvilon
Fedhas
Gozag
Hepliaklqana
Kikubaaqudgha
Makhleb
Nemelex Xobeh
Okawaru
Qazlal
Ru
Sif Muna
Trog
Uskayaw
Vehumet
Xom
Yredelemnul
Zin
The Shining One
Beogh

Shops:
D:6 ?=


Innate Abilities, Weirdness & Mutations

You have large cloven feet.
Your muscles are strong. (Str +2)


Message History

There is a fountain of clear blue water here.
Okay, then.
What are your orders? t - Shout!
Orders for allies: a - Attack new target. r - Retreat! s - Stop attacking. g - Guard the area. f - Follow me.
Anything else - Cancel.
Retreat in which direction?
Press: ? - help, Dir - move target cursor, f - you
Okay, then.
Unknown command.
Blink to where?
Press: ? - help, Dir - move target cursor You are very lightly contaminated with residual magic.
As you read the scroll of blinking, it crumbles to dust.
The orc shouts! x4; The orc priest shouts!
The orc priest mumbles some strange prayers to Beogh against you.
Beogh smites you!
You die...

####### #...≈≈≈..
.......######........
.....oWo....'........
#........oo######........
#......)%oo## #........
#.....[.....#############
........o.....
##8o8#####8'8##
#....oo8o.o@..#
#.....o.......#
#...§.oo.o⌠...#
#..o.o.o%.....#
#.....o>......#
###############


You could see a wraith, 3 orc warriors, 2 orc priests and 12 orcs.

Vanquished Creatures
  Erica (D:8)
  Grinder (D:6)
  5 hippogriffs
  A vampire (D:10)
  A wraith (D:8)
  A steam dragon (D:9)
  Edmund (D:6)
  Menkaure (D:6)
  A water moccasin (D:7)
  3 orc warriors
  2 black bears (D:9)
  2 sky beasts
  2 phantoms
  A hornet zombie (D:8)
  4 ogres
  2 centaurs
  6 big kobolds
  5 bullfrogs
  4 scorpions
  4 wights (D:7)
  7 howler monkeys
  3 crimson imps
  A hound (D:8)
  A bullfrog zombie (D:5)
  A jelly (D:6)
  2 gnoll shamans
  An orc priest (D:10)
  7 orc wizards
  3 iguanas
  Natasha (D:3)
  A worker ant (D:8)
  2 worker ant zombies
  7 gnolls
  10 adders
  A howler monkey skeleton (D:7)
  3 river rats (Sewer)
  A shadow imp (D:7)
  An adder zombie (D:8)
  2 adder skeletons
  6 worms
  2 dart slugs
  6 leopard geckos
  36 orcs
  15 giant cockroaches
  13 hobgoblins
  18 jackals
  26 kobolds
  5 quokkas
  3 ball pythons (Sewer)
  8 bats
  4 frilled lizards
  9 goblins
  A jackal zombie (D:7)
  A quokka zombie (D:9)
  25 rats
281 creatures vanquished.

Vanquished Creatures (others)
  A wizard (D:3)
  An orc (D:8)
2 creatures vanquished.

Grand Total: 283 creatures vanquished

Notes
Turn   | Place    | Note
-------+----------+-------------------------------------------
     0 | D:1      | Ijustatesigmund the Hill Orc Fighter began the quest for the Orb.
     0 | D:1      | Reached XP level 1. HP: 19/19 MP: 1/1
    11 | D:1      | Reached skill level 3 in Axes
    62 | D:1      | Reached XP level 2. HP: 27/27 MP: 2/2
   396 | D:1      | Reached skill level 4 in Axes
   421 | D:1      | Reached XP level 3. HP: 31/33 MP: 3/3
  1008 | D:2      | Reached XP level 4. HP: 33/41 MP: 4/4
  1253 | D:2      | Reached skill level 5 in Axes
  1887 | D:3      | Noticed Natasha
  1902 | D:3      | Killed Natasha
  1902 | D:3      | Reached skill level 5 in Fighting
  1902 | D:3      | Reached XP level 5. HP: 29/48 MP: 5/5
  2009 | D:3      | Reached skill level 6 in Axes
  2121 | D:3      | Found a bloodstained altar of Trog.
  2122 | D:3      | Noticed a wizard
  2127 | D:3      | Killed a wizard
  2269 | D:4      | Found a deep blue altar of Sif Muna.
  2269 | D:4      | Found a faded altar of an unknown god.
  2274 | D:4      | Found a sparkling altar of Nemelex Xobeh.
  2276 | D:4      | Found a shadowy altar of Dithmenos.
  2277 | D:4      | Found a sacrificial altar of Ru.
  2329 | D:4      | Noticed a phantom
  2350 | D:4      | Killed a phantom
  2350 | D:4      | Reached XP level 6. HP: 56/56 MP: 6/6
  2407 | D:4      | Reached skill level 7 in Axes
  2661 | D:4      | Found a hazy altar of Hepliaklqana.
  2841 | D:5      | Entered Level 5 of the Dungeon
  2870 | D:5      | Found a stormy altar of Qazlal.
  2933 | D:5      | Noticed a sky beast
  2947 | D:5      | Killed a sky beast
  2947 | D:5      | Reached skill level 8 in Axes
  2947 | D:5      | Reached XP level 7. HP: 33/63 MP: 7/7
  2970 | D:5      | Found a burning altar of Makhleb.
  3174 | D:5      | Found a glowing drain.
  3181 | Sewer    | Entered a sewer
  3531 | Sewer    | Reached skill level 9 in Axes
  3531 | Sewer    | Reached XP level 8. HP: 67/71 MP: 8/8
  3592 | Sewer    | Gained mutation: You have large cloven feet. [potion of beneficial mutation]
  3900 | D:5      | Found a shimmering altar of Xom.
  4059 | D:5      | Found a white marble altar of Elyvilon.
  4110 | D:6      | Found a staircase to the Ecumenical Temple.
  4117 | Temple   | Entered the Ecumenical Temple
  4228 | D:6      | Noticed Grinder
  4228 | D:6      | Noticed Menkaure
  4233 | D:6      | Killed Menkaure
  4240 | D:6      | Paralysed by Grinder for 2 turns
  4245 | D:6      | Killed Grinder
  4245 | D:6      | Reached skill level 5 in Armour
  4374 | D:6      | Found Dorumul's Magic Scroll Shop.
  4506 | D:6      | Reached skill level 10 in Axes
  4541 | D:6      | Reached XP level 9. HP: 82/82 MP: 9/9
  4609 | D:6      | Found Pag Ovorph's Jewellery Boutique.
  4705 | D:6      | Found a snail-covered altar of Cheibriados.
  4721 | D:6      | Became a worshipper of Cheibriados the Contemplative
  4871 | D:6      | Noticed Edmund
  4892 | D:6      | Killed Edmund
  4892 | D:6      | Reached skill level 1 in Dodging
  4892 | D:6      | Reached skill level 1 in Invocations
  4956 | D:6      | Bought a scroll of identify for 28 gold pieces
  4956 | D:6      | Bought a scroll of identify for 28 gold pieces
  4956 | D:6      | Bought a scroll of identify for 28 gold pieces
  4956 | D:6      | Bought a scroll of teleportation for 42 gold pieces
  5449 | D:7      | Found a shattered altar of Ashenzari.
  5806 | D:7      | Reached skill level 5 in Invocations
  5817 | D:7      | Reached * piety under Cheibriados
  6132 | D:8      | Noticed Erica
  6139 | D:8      | Reached ** piety under Cheibriados
  6310 | D:8      | Reached XP level 10. HP: 67/90 MP: 14/14
  6380 | D:8      | Reached skill level 11 in Axes
  6505 | D:8      | Killed Erica
  6873 | D:8      | Found an iron altar of Okawaru.
  6957 | D:9      | Reached *** piety under Cheibriados
  7013 | D:9      | Reached skill level 10 in Fighting
  7088 | D:9      | Gained mutation: Your muscles are strong. (Str +2) [potion of beneficial mutation]
  7141 | D:9      | Reached skill level 12 in Axes
  7184 | D:9      | Reached **** piety under Cheibriados
  7206 | D:9      | Found a bloodstained altar of Trog.
  7738 | D:10     | Entered Level 10 of the Dungeon
  7774 | D:10     | Found a roughly hewn altar of Beogh.
  7774 | D:10     | Found a staircase to the Orcish Mines.
  7774 | D:10     | HP: 1/94 [orc warrior/scimitar (9)]
  7775 | D:10     | Killed from afar by an orc priest

Skill      XL: |  1  2  3  4  5  6  7  8  9 10 |
---------------+-------------------------------+-----
Axes           | 3 4 5 6 8 9 10 12 | 12.2
Fighting       | 4 5 6 8 10 | 10.5
Armour         | 4 5 6 |  6.1
Shields        | 4 |  4.3
Dodging        | 3 |  3.9
Invocations    | 6 9 |  9.5

Action                   |  1- 3 |  4- 6 |  7- 9 | 10-12 || total
-------------------------+-------+-------+-------+-------++-------
Melee: War axe           |   106 |   183 |   414 |   207 ||   910
Evoke: Wand              |       |       |       |     3 ||     3
  Use: Scroll            |     1 |    11 |     5 |     5 ||    22
       Potion            |       |     1 |    10 |     1 ||    12
 Stab: Sleeping          |       |       |     1 |       ||     1
       Invisible         |       |       |     6 |       ||     6
       Distracted        |       |       |       |     1 ||     1
  Eat: Chunk             |       |     6 |     6 |     1 ||    13
       Royal jelly       |       |     1 |       |     1 ||     2
       Bread ration      |       |       |     1 |       ||     1
Armor: Scale mail        |    50 |    70 |   156 |    55 ||   331
Dodge: Dodged            |    27 |    43 |   127 |    67 ||   264
Block: Shield            |    54 |    97 |   277 |   164 ||   592
